 Dungeon Crawl Stone Soup version 0.28.0-53-g5a82cb258f (webtiles) character file.

Game seed: 3492540260086588871

23 ILmort the Ducker (level 2, 0/14 HPs)
             Began as a Felid Berserker on Aug 3, 2022.
             Was a Follower of Trog.
             Slain by a frilled lizard (1 damage)
             ... on level 2 of the Dungeon.
             The game lasted 00:03:51 (1319 turns).

ILmort the Ducker (Felid Berserker)                 Turns: 1319, Time: 00:03:52

Health: 0/14       AC:  1    Str: 13    XL:     2   Next: 75%
Magic:  3/3        EV: 18    Int:  8    God:    Trog [*.....]
Gold:   21         SH:  0    Dex: 15    Spells: 1/1 levels left
                                        Lives:  0   Deaths: 0

rFire   . . .      SeeInvis +     - Unarmed
rCold   . . .      Faith    .   (shield unavailable)
rNeg    . . .      Spirit   .   (armour unavailable)
rPois   .          Reflect  .   (helmet unavailable)
rElec   .          Harm     .   (cloak unavailable)
rCorr   .          Rampage  .   (gloves unavailable)
Will    .....                   (boots unavailable)
Stlth   +.........              (no amulet)
HPRegen 0.04/turn               (no ring)
MPRegen 0.08/turn               (no ring)

@: quick
A: very small, claws 1, fangs 3, see invisible, speed 1, shaggy fur 1, stealthy
paws, no weapons or thrown items, no armour, multi-lived
a: Renounce Religion, Berserk


You were on level 2 of the Dungeon.
You worshipped Trog.
Trog was aware of your devotion.
You visited 1 branch of the dungeon, and saw 2 of its levels.

You collected 21 gold pieces.

Inventory:

Potions
 a - a potion of resistance {unknown}
 b - 3 potions of might {unknown}


   Skills:
 + Level 3.3 Fighting
 + Level 4.5 Dodging
 + Level 3.4 Unarmed Combat


You had one spell level left.
You didn't know any spells.
Your spell library was empty.

Dungeon Overview and Level Annotations

Branches:
Dungeon (2/15)

Altars:

Shops:
D:1 ?


Innate Abilities, Weirdness & Mutations

You have sharp claws.
You have razor-sharp teeth.
You have supernaturally acute eyesight. (SInv)
You cover ground quickly. (Speed+)
You are covered in fur. (AC +1)
Your paws help you pounce on unaware monsters.
You are incapable of wielding weapons or throwing items.
You cannot wear armour.
You gain extra lives every three experience levels.


Message History

Done exploring.
You see here a rat corpse.
You open the door.
There is an open door here.
There is a stone staircase leading down here.
You climb downwards.
The frilled lizard hisses angrily.
Found 18 stones.
There is a stone staircase leading up here.
You closely miss the frilled lizard.
You bite the frilled lizard, but do no damage.
The ball python hisses angrily.
You closely miss the frilled lizard. Your bite misses the frilled lizard.
The frilled lizard completely misses you.
You miss the frilled lizard. Your bite misses the frilled lizard.
The frilled lizard completely misses you.
You barely miss the quokka. The frilled lizard closely misses you.
The quokka misses you.
You claw the ball python!
You kill the ball python!
Trog accepts your kill. The frilled lizard misses you.
The quokka completely misses you.
You barely miss the quokka. The quokka closely misses you.
The frilled lizard bites you but does no damage.
You scratch the quokka. Your bite misses the quokka.
The quokka is moderately wounded.
The quokka bites you. The frilled lizard bites you. The quokka bites you.
You are too injured to fight recklessly!
You are too injured to fight recklessly!
You are too injured to fight recklessly!
You are too injured to fight recklessly!
You scratch the frilled lizard.
The frilled lizard is heavily wounded.
The frilled lizard misses you. The quokka misses you.
You scratch the frilled lizard but do no damage.
The frilled lizard is heavily wounded.
The frilled lizard barely misses you. The quokka bites you.
* * * LOW HITPOINT WARNING * * *
The frilled lizard bites you.
You die...

..
###.###########
...............
..............
###..........#
.............#
.......l.....#
.......@.....#
.......†r....#
.............#
###.........(#
##.........#
#.........#
#.........#
###########


You could see a quokka and a frilled lizard.

Vanquished Creatures
  A bat (D:1)
  3 endoplasms (D:1)
  2 hobgoblins (D:1)
  3 jackals (D:1)
  A quokka (D:1)
  A ball python (D:2)
  2 frilled lizards (D:1)
  3 goblins (D:1)
  3 kobolds (D:1)
  2 rats (D:1)
21 creatures vanquished.

Vanquished Creatures (others)
  A fungus (D:1)
  2 plants (D:1)
3 creatures vanquished.

Grand Total: 24 creatures vanquished

Notes
Turn   | Place    | Note
-------+----------+-------------------------------------------
     0 | D:1      | ILmort the Felid Berserker began the quest for the Orb.
     0 | D:1      | Reached XP level 1. HP: 10/10 MP: 2/2
    38 | D:1      | Found Teyxti's Magic Scroll Emporium.
   237 | D:1      | Reached XP level 2. HP: 14/14 MP: 3/3
   951 | D:1      | Found a faded altar of an unknown god.
  1319 | D:2      | Slain by a frilled lizard

Illustrated notes

Levels and vault maps discovered:
D:1:      kennysheep_arrival_forest, layout_loops_corners,
          shapermc_ecumenical_altar_mp_ritualfount, serial_shops, shop
D:2:      layout_basic

Action                   || total
-------------------------++-------
Melee: Unarmed           ||    67
       Bite              ||    10
       Punch             ||     1
 Stab: Sleeping          ||     3
Armor: Skin              ||     6
Dodge: Dodged            ||    58
